 Dungeon Crawl Stone Soup version 0.29.1-12-g30fa7ad0bf (webtiles) character file.

Game seed: 14852025501499112035

385 hawla the Chiller (level 7, 0/50 HPs)
             Began as a Meteoran Ice Elementalist on Dec 23, 2022.
             Shot with a bolt by an orc warrior (15 damage)
             ... on level 5 of the Dungeon.
             The game lasted 00:05:01 (1403 turns).

hawla the Chiller (Meteoran Ice Elementalist)       Turns: 1403, Time: 00:05:02

Health: 0/50       AC:  5    Str:  9    XL:     7   Next: 27%
Magic:  12/14      EV: 13    Int: 18    God:
Gold:   153        SH:  0    Dex: 16    Spells: 6/14 levels left

rFire   . . .      SeeInvis .   (no weapon)
rCold   . . .      Faith    .   (no shield)
rNeg    . . .      Spirit   .   f - +2 robe {Will+}
rPois   .          Reflect  .   (no helmet)
rElec   .          Harm     .   g - +0 cloak
rCorr   .          Rampage  .   (no gloves)
Will    +....                   (no boots)
Stlth   +.........              (no amulet)
HPRegen 0.16/turn               (no ring)
MPRegen 0.14/turn               (no ring)

@: about to teleport, freezing walls, glowing
A: sense surroundings 1, otherworldly, glowing, explore regen
a: no special abilities


You were on level 5 of the Dungeon.
You visited 1 branch of the dungeon, and saw 5 of its levels.

You collected 153 gold pieces.

Inventory:

Armour
 f - a +2 robe of willpower (worn)
 g - a +0 cloak (worn)
Wands
 c - a wand of paralysis (11)
 e - a wand of polymorph (9)
Scrolls
 a - a scroll of blinking {unknown}
 h - a scroll of identify
Potions
 b - a potion of magic
 d - a potion of curing
 i - a potion of resistance {unknown}


   Skills:
 - Level 2.6 Dodging
 - Level 1.4 Stealth
 - Level 4.0 Spellcasting
 + Level 5.8 Conjurations
 - Level 5.9 Ice Magic


You had 6 spell levels left.
You knew the following spells:

 Your Spells              Type           Power      Damage    Failure   Level
a - Freeze                Ice            96%        1d11      1%          1
b - Frozen Ramparts       Ice            48%        1d8       4%          3
c - Hailstorm             Conj/Ice       24%        3d7       13%         4

Your spell library contained the following spells:

 Spells                   Type           Power      Damage    Failure   Level
 Ozocubu's Armour         Ice            24%        N/A       4%          3


Dungeon Overview and Level Annotations

Branches:
Dungeon (5/15) Zot: 1595
 Temple: D:4-7

Altars:


Innate Abilities, Weirdness & Mutations

You passively map a small area around you.
You are easily found by Zot.
You glow in the dark.
You regain HP and MP as you explore.


Message History

Found a stone staircase leading up.
Found a leather armour.
You see here a +0 leather armour.
a - a scroll labelled HELUCW DAITI You now have 153 gold pieces (gained 9).
h - a scroll of identify
Found a scroll of noise.
An orc comes into view. It is wielding a +0 hand axe.
The orc shouts!
You hear a shout! x3; You hear a bark!
An orc warrior comes into view. It is wielding a +0 glaive.
Casting: Freeze (safe; 1% risk of failure)
Confirm with . or Enter, or press ? or * to list all spells.
Casting: Frozen Ramparts (dangerous; 4% risk of failure)
Press: ? - help, Dir - look around, f - activate The walls around you are covered in ice.
The orc warrior shouts!
The wall freezes the orc.
The wall freezes the orc.
You kill the orc!
An orc wizard comes into view. It is wielding a +0 dagger.
The wall freezes the orc warrior but does no damage.
The orc warrior unwields a +0 glaive.
The orc warrior wields a +0 arbalest.
The orc warrior shoots a bolt.
The bolt hits you!
Unknown command.
An orc comes into view. It is wielding a +0 dagger.
The wall freezes the orc warrior but does no damage.
The orc warrior shoots a bolt.
The bolt closely misses you.
A hound comes into view.
The wall freezes the orc warrior but does no damage.
The orc warrior shoots a bolt.
The bolt closely misses you.
An orc comes into view. It is wielding a +0 club.
The wall freezes the orc warrior but does no damage.
The orc warrior shoots a bolt.
The bolt hits you!!
Ouch! That really hurt!
* * * LOW HITPOINT WARNING * * *
Unknown command.
As you read the scroll of teleportation, it crumbles to dust.
You feel strangely unstable.
The wall freezes the orc warrior!
The orc warrior shoots a bolt.
The bolt hits you!
You die...

**### , .o.#*
o..* , #.h* #.. ,
#.o *
#.)##############
*
#..@............#
* ,
##.############.#
* #?# , * #.# ##
* * ### #.# , *,
, ..# #.# * * #.#
#.# , #.####.###
* , * ** ,*
#.##.....##
#....###...


You could see an orc warrior, a hound, an orc wizard and an orc.

Vanquished Creatures
  An ogre (D:5)
  2 hounds
  An orc priest (D:4)
  A jelly (D:4)
  Jessica (D:2)
  3 iguanas (D:4)
  2 adders
  A worm (D:3)
  A dart slug (D:2)
  11 orcs
  A bat (D:1)
  3 endoplasms
  3 giant cockroaches
  5 goblins
  3 hobgoblins
  5 ball pythons
  5 kobolds
  A rat (D:2)
50 creatures vanquished.

Notes
Turn   | Place    | Note
-------+----------+-------------------------------------------
     0 | D:1      | hawla the Meteoran Ice Elementalist began the quest for the
                  | Orb.
     0 | D:1      | Reached XP level 1. HP: 14/14 MP: 5/5
    72 | D:1      | Reached XP level 2. HP: 20/20 MP: 3/6
   184 | D:2      | Noticed Jessica
   193 | D:2      | Killed Jessica
   194 | D:2      | Reached skill level 5 in Ice Magic
   194 | D:2      | Reached XP level 3. HP: 9/26 MP: 2/8
   195 | D:2      | Reached XP level 4. HP: 12/33 MP: 1/9
   199 | D:2      | Learned a level 3 spell: Frozen Ramparts
   386 | D:4      | Reached XP level 5. HP: 19/38 MP: 7/12
   391 | D:4      | Learned a level 4 spell: Hailstorm
   407 | D:4      | Reached XP level 6. HP: 30/45 MP: 6/13
  1237 | D:5      | Entered Level 5 of the Dungeon
  1246 | D:5      | Noticed an ogre
  1252 | D:5      | Killed an ogre
  1253 | D:5      | Reached skill level 5 in Conjurations
  1253 | D:5      | Reached XP level 7. HP: 30/50 MP: 6/14
  1403 | D:5      | Shot with a bolt by an orc warrior

Illustrated notes

Levels and vault maps discovered:
D:1:      psy_arrival_whirlpool, layout_loops_ring,
          nicolae_kite_square_tiling_tiny, st_stairs_6, amethyst_killhole
D:2:      layout_basic, basic_altar, minivault_25, hangedman_feature_mirror,
          uniq_natasha, uniq_jessica
D:3:      layout_rooms, chequers_serial_rivers_micro_c
D:4:      layout_loops_corners, hangedman_decor_slide_cut
D:5:      layout_loops_ring, chequers_serial_rivers_micro_e, grunt_decor_clamped

Skill      XL: |  1  2  3  4  5  6 |
---------------+-------------------+-----
Spellcasting   | 3 4 |  4.0
Ice Magic      | 5 |  5.9
Conjurations   | 2 5 |  5.8
Dodging        | |  2.6
Stealth        | |  1.4

Action                   |  1- 3 |  4- 6 |  7- 9 || total
-------------------------+-------+-------+-------++-------
Melee: Unarmed           |     1 |       |       ||     1
 Cast: Freeze            |    18 |    22 |     2 ||    42
       Frozen Ramparts   |       |    22 |     3 ||    25
  Use: Scroll            |       |     8 |     1 ||     9
       Potion            |       |     1 |       ||     1
Armor: Robe              |     5 |       |       ||     5
Dodge: Dodged            |     2 |     8 |     4 ||    14
